 Adventure DCSS version bcrawl-1.32 (webtiles) character file.

Game seed: 11950140974023688804

69485 Leeroy the Slasher (level 3, -9/27 HPs)
             Began as a Merfolk Skald on Aug 4, 2021.
             Was an Initiate of Nemelex Xobeh.
             Killed by divine providence
             ... invoked by an orc priest
              (11 damage)
             ... on level 6 of the Dungeon.
             The game lasted 00:03:52 (2709 turns).

Leeroy the Slasher (Merfolk Skald)                  Turns: 2709, Time: 00:03:52

Health: -9/27      AC:  6    Str: 11    XL:     3   Next: 52%
Magic:  6/6        EV: 12    Int: 12    God:    Nemelex Xobeh [......]
Gold:   195        SH:  2    Dex: 15    Spells: 0/6 levels left
                                        Lives:  0   Deaths: 2

rFire    . . .     SeeInvis .   i - +1 falchion (holy)
rCold    . . .     Gourm    .   (no shield)
rNeg     . . .     Faith    .   b - +0 leather armour
rPois    .         Spirit   .   (no helmet)
rElec    .         Reflect  .   (no cloak)
rCorr    .         Harm     .   k - +2 pair of gloves
MR       .....                  (no boots)
Stlth    +.........             (no amulet)
HPRegen  0.09/turn              (no ring)
MPRegen  0.10/turn              (no ring)

@: marked
A: change form in water, swift swim, stealthy swim
a: Draw Escape, Draw Destruction, Draw Summoning, Renounce Religion


You were on level 6 of the Dungeon.
You worshipped Nemelex Xobeh.
Nemelex Xobeh was noncommittal.
You were not hungry.

You visited 1 branch of the dungeon, and saw 4 of its levels.

You collected 195 gold pieces.

Inventory:

Hand Weapons
 a - a +0 long sword
 h - a +0 dagger of freezing
 i - a +1 falchion of holy wrath (weapon)
Missiles
 n - 109 javelins (quivered)
Armour
 b - a +0 leather armour (worn)
 k - a +2 pair of gloves (worn)
 q - a +0 medium shield
Scrolls
 c - 2 scrolls of remove curse
 d - a scroll of fear
 g - 2 scrolls of teleportation {unknown}
 m - a scroll of blinking {unknown}
 o - a scroll of noise {unknown}
Potions
 f - a potion of magic
 j - a potion of invisibility {unknown}
 l - a potion of heal wounds {unknown}
Comestibles
 e - 5 rations {!d}
 p - a chunk of flesh


   Skills:
 - Level 2.1 Fighting
 + Level 6.5 Long Blades
 - Level 0.6 Armour
 - Level 2.6 Dodging
 - Level 2.0 Spellcasting
 - Level 3.2 Charms


You couldn't memorise any spells.
You knew the following spells:

 Your Spells              Type           Power        Failure   Level  Hunger
a - Infusion              Chrm           #.......     10%         1    None
b - Song of Slaying       Chrm           #.......     14%         2    ##.....
c - Swiftness             Chrm/Air       #.......     28%         2    ##.....
d - Spectral Weapon       Hex/Chrm       #.......     50%         3    ####...

Your spell library contained the following spells:

 Spells                   Type           Power        Failure   Level  Hunger
 Ozocubu's Armour         Chrm/Ice       #.......     50%         3    ####...
 Regeneration             Chrm/Necr      #.........   50%         3    ####...


Dungeon Overview and Level Annotations

Branches:
Dungeon (6/12)
 Temple: D:4-7

Altars:
Dithmenos
Gozag
Hepliaklqana
Nemelex Xobeh


Message History

You kill the shadow imp!
The orc priest calls down the wrath of Beogh upon you.
Beogh smites you!
You are too injured to fight recklessly!
You are too injured to fight recklessly!
You are too injured to fight recklessly!
You are too injured to fight recklessly!
You are too injured to fight recklessly!
You are too injured to fight recklessly!
An orc comes into view. It is wielding a +0 mace.
The orc priest invokes the aid of Beogh against you.
Pain shoots through your body!
Ouch! That really hurt!
* * * LOW HITPOINT WARNING * * *
An orc warrior comes into view. It is wielding a +0 hand axe.
You have encountered a dangerous foe!
The orc priest mumbles some strange prayers to Beogh against you.
Beogh smites you!
You die...
Your body disappears without a glow.

####### #######
#.....####.....#
#..............#
+........>..(.<#
#..............#
#.........#.....#
#.)^..###@#...#.#
#.....# #...#.# #
####### #.#.#.#
#### oo..# # ...#
o.### ...# #.
.... ...# #. ##.#
...# #. #.. ####
##.###


You could see an orc warrior, an orc priest and an orc.

Vanquished Creatures
  A crimson imp (D:2)
  Jessica (D:2)
  An adder (D:3)
  A shadow imp (D:6)
  An ooze (D:1)
  2 worms (D:2)
  3 dart slugs (D:1)
  2 leopard geckos
  6 orcs (D:3)
  2 ball pythons (D:1)
  2 giant cockroaches (D:1)
  2 goblins (D:2)
  7 hobgoblins
  2 jackals (D:1)
  2 quokkas (D:2)
  4 bats
  A frilled lizard (D:2)
  11 kobolds
  5 rats
56 creatures vanquished.

Vanquished Creatures (others)
  A spectral weapon (D:3)
1 creature vanquished.

Grand Total: 57 creatures vanquished

Notes
Turn   | Place    | Note
-------+----------+-------------------------------------------
     0 | D:1      | Leeroy the Merfolk Skald began the quest for the Orb.
     0 | D:1      | Reached XP level 1. HP: 16/16 MP: 3/3
   153 | D:1      | Reached skill level 3 in Long Blades
   153 | D:1      | Reached XP level 2. HP: 16/22 MP: 5/5
   401 | D:1      | Reached skill level 4 in Long Blades
   492 | D:1      | Reached XP level 3. HP: 7/27 MP: 6/6
  1454 | D:2      | Found a sparkling altar of Nemelex Xobeh.
  1570 | D:2      | Found a faded altar of an unknown god.
  1651 | D:2      | Reached skill level 5 in Long Blades
  1658 | D:2      | Reached XP level 4. HP: 33/33 MP: 7/7
  1662 | D:2      | Noticed Jessica
  1666 | D:2      | Killed Jessica
  1792 | D:2      | Reached skill level 6 in Long Blades
  1792 | D:2      | Reached XP level 5. HP: 11/38 MP: 8/8
  1795 | D:2      | Learned a level 2 spell: Song of Slaying
  1798 | D:2      | Learned a level 2 spell: Swiftness
  1808 | D:2      | Learned a level 3 spell: Spectral Weapon
  2252 | D:2      | Became a worshipper of Nemelex Xobeh the Trickster
  2518 | D:3      | Received a gift from Nemelex Xobeh
  2576 | D:3      | Noticed an ogre
  2616 | D:3      | You fall into a shaft and drop 3 floors!
  2620 | D:6      | Found a shadowy altar of Dithmenos.
  2627 | D:6      | Found a hazy altar of Hepliaklqana.
  2629 | D:6      | Found an opulent altar of Gozag.
  2633 | D:6      | Noticed a two-headed ogre
  2677 | D:6      | Mangled by a two-headed ogre
  2678 | D:6      | Reached XP level 4. HP: -6/33 MP: 6/7
  2684 | D:6      | Noticed a two-headed ogre
  2691 | D:6      | HP: 1/33 [two-headed ogre/+0 dire flail (25)]
  2692 | D:6      | Mangled by a two-headed ogre
  2693 | D:6      | Reached XP level 3. HP: -6/27 MP: 6/6
  2707 | D:6      | HP: 1/27 [orc priest/nerve-wracking pain (14)]
  2709 | D:6      | Noticed an orc warrior
  2709 | D:6      | Killed from afar by an orc priest

Skill      XL: |  1  2  3  4 |
---------------+-------------+-----
Long Blades    | 3 4 5 6 |  6.5
Fighting       | |  2.1
Armour         | |  0.6
Dodging        | |  2.6
Spellcasting   | |  2.0
Charms         | |  3.2

Action                   |  1- 3 |  4- 6 || total
-------------------------+-------+-------++-------
Melee: Long sword        |   139 |    35 ||   174
       Falchion          |     3 |    18 ||    21
Throw: Javelin           |       |     3 ||     3
 Cast: Infusion          |     1 |       ||     1
       Swiftness         |       |     1 ||     1
       Spectral Weapon   |       |     1 ||     1
  Use: Scroll            |       |     3 ||     3
 Stab: Sleeping          |     1 |       ||     1
  Eat: Chunk             |     2 |     5 ||     7
       Ration            |     1 |       ||     1
Armor: Leather armour    |    32 |    14 ||    46
Dodge: Dodged            |    99 |    35 ||   134
Block: Other             |     4 |     3 ||     7
